 Dungeon Crawl Stone Soup version 0.32-a0-39-g5c88369fb2 (webtiles) character file.

Game seed: 15454290544311078245

5855 Ge0ff the Thaumaturge (level 10, -5/74 HPs)
             Began as a Mummy Cinder Acolyte on Feb 1, 2024.
             Was a Believer of Ignis.
             Slain by an orc warlord
             ... wielding a +4 battleaxe
              (23 damage)
             ... in a bailey.
             The game lasted 00:23:15 (11715 turns).

Ge0ff the Thaumaturge (Mummy Cinder Acolyte)       Turns: 11715, Time: 00:23:16

Health: -5/74      AC: 11    Str: 18    XL:     10   Next: 52%
Magic:  24/24      EV: 11    Int: 23    God:    Ignis [**....]
Gold:   466        SH:  0    Dex:  8    Spells: 28/30 levels left

rFire   . . .        a - +3 trident (drain)
rCold   + . .        C - orb {*channel}
rNeg    + + +        X - +2 robe {Will+}
rPois   ∞            U - +1 helmet
rElec   .            Z - +0 cloak
rCorr   .            (no gloves)
SInv    .            (no boots)
Will    ++...        c - amulet of the acrobat
Stlth   ++           D - +4 ring of protection
HPRegen 0.32/turn    Q - +6 ring of intelligence
MPRegen 0.19/turn

%: acrobat, faith, channel magic (20%)
@: no status effects
A: cold resistance 1, negative energy resistance 3, torment resistance 2, heat
vulnerability 1, in touch with death 1, no potions, faith
a: Renounce Religion, Fiery Armour, Foxfire Swarm, Rising Flame


You were in a bailey.
You worshipped Ignis.
Ignis was pleased with you.
You visited 2 branches of the dungeon, and saw 9 of its levels.
You also visited: Bailey.

You collected 466 gold pieces.

Inventory:

Hand Weapons
 a - a +3 trident of draining (weapon)
 y - the +1 hand axe of the Mushroom {freeze, rF+ rN+ Str-5 SInv}
   (You found it on level 8 of the Dungeon)

   Str-5:     It affects your strength (-5).
   rF+:       It protects you from fire.
   rN+:       It protects you from negative energy.
   SInv:      It lets you see invisible.
 J - a -1 spear of flaming
 K - a +1 trident of protection
 S - a +2 dagger of venom
 V - a +2 quarterstaff of chaos
 Y - a +2 short sword of speed
Missiles
 d - 57 stones
 h - 22 poisoned darts
 G - 3 boomerangs
Armour
 C - an orb of energy (worn)
 L - the +1 ring mail "Teydgh" {Regen+}
   (You found it on level 5 of the Dungeon)

   Regen+:    It increases your rate of health regeneration.
 M - a +1 troll leather armour {Pargi}
 R - a scarf of invisibility
 U - a +1 helmet (worn)
 W - the +18 Lear's hauberk
   (You found it on level 2 of the Dungeon)
 X - a +2 robe of willpower (worn)
 Z - a +0 cloak (worn)
Magical Staves
 F - a staff of alchemy
Jewellery
 c - an amulet of the acrobat (around neck)
 g - a ring of protection from fire
 z - an amulet of faith
 D - a +4 ring of protection (left hand)
 H - a ring of wizardry
 N - a ring of ice
 Q - a +6 ring of intelligence (right hand)
Wands
 e - a wand of charming (1)
 k - a wand of iceblast (10)
 P - a wand of polymorph (2)
Scrolls
 m - 2 scrolls of revelation
 A - 5 scrolls of amnesia
 B - 2 scrolls of blinking
 E - 2 scrolls of fear
 I - 2 scrolls of enchant armour
 T - 7 scrolls of teleportation
Potions
 x - a potion of experience
Miscellaneous
 O - a sack of spiders (inert)


   Skills:
 + Level 5.5 Fighting
 - Level 2.4 Polearms
 + Level 1.6 Throwing
 - Level 1.0 Armour
 + Level 1.7 Dodging
 + Level 2.8 Stealth
 * Level 10.7 Spellcasting
 - Level 9.0 Fire Magic
 + Level 3.6 Evocations


You had 28 spell levels left.
You knew the following spells:

 Your Spells              Type           Power      Damage    Failure   Level
C - Scorch                Fire           100%       2d9       2%          2

Your spell library contained the following spells:

 Spells                   Type           Power      Damage    Failure   Level
 Kiss of Death            Conj/Necr      72%        2d10      16%         1
 Ensorcelled Hibernation  Hex/Ice        24%        N/A       21%         2
 Mercury Vapours          Alch/Air       24%        N/A       21%         2
 Confusing Touch          Hex            12%        N/A       34%         3
 Frozen Ramparts          Ice            24%        1d4       34%         3
 Fugue of the Fallen      Necr           18%        N/A       34%         3
 Hailstorm                Conj/Ice       12%        3d6       34%         3
 Mephitic Cloud           Conj/Alch/Air  12%        N/A       34%         3
 Ozocubu's Armour         Ice            12%        N/A       34%         3
 Passwall                 Erth           12%        N/A       34%         3
 Summon Ice Beast         Ice/Summ       12%        N/A       34%         3
 Swiftness                Air            12%        N/A       34%         3
 Animate Dead             Necr           18%        N/A       67%         4
 Dispel Undead            Necr           18%        3d11      67%         4
 Leda's Liquefaction      Alch/Erth      6%         N/A       67%         4
 Manifold Assault         Tloc           12%        N/A       67%         4
 Petrify                  Alch/Erth      12%        N/A       67%         4
 Freezing Cloud           Conj/Ice/Air   6%         6-21      93%         5
 Metabolic Englaciation   Hex/Ice        6%         N/A       93%         5
 Summon Mana Viper        Hex/Summ       12%        N/A       93%         5
 Sculpt Simulacrum        Ice/Alch       6%         N/A       100%        6
 Haunt                    Necr/Summ      9%         N/A       100%        7
 Monstrous Menagerie      Summ           6%         N/A       100%        7
 Infestation              Necr           9%         N/A       100%        8


Dungeon Overview and Level Annotations

Branches:
Dungeon (8/15) Zot: 26650  Temple (1/1) D:4 Zot: 5998  Bailey (1/1) Zot: 5207
   Lair: D:8-11

Altars:
Cheibriados
Dithmenos
Fedhas
Hepliaklqana
Kikubaaqudgha
Makhleb
Nemelex Xobeh
Okawaru
Qazlal
Ru
Sif Muna
Trog
Uskayaw
Vehumet
Wu Jian
Xom
Yredelemnul


Innate Abilities, Weirdness & Mutations

You are immune to poison.
Your flesh is cold resistant. (rC+)
You are immune to negative energy. (rN+++)
You are immune to unholy pain and torment.
You are vulnerable to heat. (rF-)
You are in touch with the powers of death.
You do not drink.
You have a special connection with the divine. (Faith)


Message History

The orc warlord resists with almost no effort.
The orc warrior is no longer more vulnerable to fire.
The orc warlord hits you with a +4 battleaxe!!
* * * LOW HITPOINT WARNING * * *
Blink to where?
Press: ? - help, Dir - move target, p - orc warlord
As you read the scroll of blinking, it crumbles to dust.
The orc warlord is no longer more vulnerable to fire.
Your butterfly disappears in a burst of colours!
Aiming: Charm
Press: ? - help, Shift-Dir - straight line, f - orc warrior
Aim: an orc warrior, wielding a +0 broad axe and wearing a +0 scale mail (heavily wounded, strong, chance to affect: 58%)
The orc warrior is charmed.
What are your orders? t - Shout!
Orders for allies: a - Attack new target. p - Attack previous target. r - Retreat! s - Stop attacking. g - Guard the area. f - Follow me.
Anything else - Cancel.
Gang up on whom?
Press: ? - help, Dir - move target, f - orc warlord, p - orc warrior
Aim: an orc warlord, wielding a +4 battleaxe and wearing a +0 plate armour (moderately wounded) Attack!
Your orc warrior hits the orc warlord with a +0 broad axe.
The orc warlord hits your orc warrior with a +4 battleaxe!!
Your orc warrior dies!
Aiming: Polymorph
Press: ? - help, Shift-Dir - straight line, f/p - orc warlord
Aim: an orc warlord, wielding a +4 battleaxe and wearing a +0 plate armour (moderately wounded, will become a yellow draconian, an azure jelly, or a green draconian, chance to affect: 24%)
The orc warlord resists with almost no effort.
Aiming: Polymorph
Press: ? - help, Shift-Dir - straight line, f/p - orc warlord
Aim: an orc warlord, wielding a +4 battleaxe and wearing a +0 plate armour (moderately wounded, will become a yellow draconian, an azure jelly, or a green draconian, chance to affect: 24%)
The orc warlord resists with almost no effort.
Aiming: Polymorph
Press: ? - help, Shift-Dir - straight line, f/p - orc warlord
Aim: an orc warlord, wielding a +4 battleaxe and wearing a +0 plate armour (moderately wounded, will become a yellow draconian, an azure jelly, or a green draconian, chance to affect: 24%)
The orc warlord resists with almost no effort.
Aiming: Polymorph
Press: ? - help, Shift-Dir - straight line, f/p - orc warlord
Aim: an orc warlord, wielding a +4 battleaxe and wearing a +0 plate armour (moderately wounded, will become a yellow draconian, an azure jelly, or a green draconian, chance to affect: 24%)
The orc warlord resists with almost no effort.
The orc warlord hits you with a +4 battleaxe.
* * * LOW HITPOINT WARNING * * *
Aiming: Polymorph
Press: ? - help, Shift-Dir - straight line, f/p - orc warlord
Aim: an orc warlord, wielding a +4 battleaxe and wearing a +0 plate armour (moderately wounded, will become a yellow draconian, an azure jelly, or a green draconian, chance to affect: 24%)
The orc warlord resists with almost no effort.
The orc warlord hits you with a +4 battleaxe!!
You die...

#...........#...........#
#...........'...........#
#.....⌠.....#.....⌠.....#
#.....).....#...........#
#...........#...........#
###)........###.........###
#.#'#.....###.###.....#'#.###
..))###.###.....###.###.....###
.)....###[......@.###.b......!##
..)....#.......o..##8b...bb..!.#
)).....#...........#8b.b..b..b!#
.))....#.....).....'.....⌠....∩#
.)..)..#...........#8...)b....!#
.).)...#..........##8.)).....!!#
....).###.........###...b.....##
..))###.###.....###.###.....###
#.#'#.....###.###.....#'#.###


You could see an orc warlord.

Vanquished Creatures
  Pikel (D:8)
  Jeremiah (D:8)
  A hornet (D:4)
  Sigmund (D:2)
  4 yaks (D:8)
  2 water moccasins (D:7)
  Pargi (D:4)
  12 orc warriors
  A black bear (D:7)
  A sky beast (D:8)
  An ice beast (D:6)
  An ogre (D:4)
  2 centaurs (D:7)
  A phantom (D:7)
  3 bullfrogs
  A kobold brigand (D:8)
  A gnoll sergeant (D:5)
  5 scorpions
  6 howler monkeys
  2 bombardier beetles
  A hound (D:6)
  4 gnoll boudas
  4 orc priests
  Crazy Yiuf (D:2)
  5 iguanas
  A sleepcap (D:4)
  3 orc wizards
  Robin (D:1)
  18 gnolls
  11 adders
  A shadow imp (D:6)
  6 white imps
  2 ufetubi (D:6)
  3 ribbon worms
  3 dart slugs
  40 orcs
  12 ball pythons
  3 bats
  15 endoplasms
  6 giant cockroaches
  24 goblins
  17 hobgoblins
  A jackal (D:4)
  2 quokkas
  4 frilled lizards
  11 kobolds
  4 rats
251 creatures vanquished.

Vanquished Creatures (collateral kills)
  An orc warrior (Bailey)
  An orc (Bailey)
  A hobgoblin (Bailey)
3 creatures vanquished.

Vanquished Creatures (others)
  An arcanist (D:6)
  2 orc warriors (Bailey)
  A bombardier beetle (D:7)
  81 foxfires
85 creatures vanquished.

Grand Total: 339 creatures vanquished

Notes
Turn   | Place    | Note
-------+----------+-------------------------------------------
     0 | D:1      | Ge0ff the Mummy Cinder Acolyte began the quest for the Orb.
     0 | D:1      | Reached XP level 1. HP: 18/18 MP: 2/2
   226 | D:1      | Reached XP level 2. HP: 24/24 MP: 4/4
   229 | D:1      | Learned a level 2 spell: Scorch
   308 | D:1      | Reached skill level 1 in Stealth
   308 | D:1      | Reached skill level 2 in Spellcasting
   889 | D:2      | Noticed Robin
   894 | D:2      | Reached XP level 3. HP: 24/29 MP: 1/6
  1011 | D:1      | Killed Robin
  1380 | D:2      | Found a snail-covered altar of Cheibriados.
  1522 | D:2      | Reached XP level 4. HP: 35/35 MP: 1/8
  1667 | D:2      | Reached skill level 3 in Spellcasting
  1798 | D:2      | Noticed Sigmund
  1849 | D:2      | Killed Sigmund
  1850 | D:2      | Reached skill level 4 in Spellcasting
  1850 | D:2      | Reached XP level 5. HP: 5/41 MP: 1/12
  1993 | D:2      | Found the +18 Lear's hauberk
  2210 | D:2      | Reached XP level 6. HP: 47/47 MP: 6/13
  2610 | D:2      | Found a runed translucent door.
  2611 | D:2      | Noticed Crazy Yiuf
  2617 | D:2      | Killed Crazy Yiuf
  2618 | D:2      | Reached skill level 5 in Spellcasting
  4330 | D:4      | Noticed a hornet
  4377 | D:4      | Killed a hornet
  4378 | D:4      | Reached skill level 6 in Spellcasting
  4378 | D:4      | Reached skill level 5 in Fire Magic
  4378 | D:4      | Reached XP level 7. HP: 14/52 MP: 2/16
  5163 | D:4      | Reached skill level 1 in Evocations
  5427 | D:4      | Found a staircase to the Ecumenical Temple.
  5440 | D:4      | Reached skill level 7 in Spellcasting
  5512 | Temple   | Entered the Ecumenical Temple
  5853 | D:4      | Noticed Pargi
  5857 | D:4      | Killed Pargi
  5858 | D:4      | Reached XP level 8. HP: 58/58 MP: 12/19
  5983 | D:5      | Entered Level 5 of the Dungeon
  6512 | D:5      | Identified the +1 ring mail "Teydgh" {Regen+}
  7308 | D:6      | Reached skill level 8 in Spellcasting
  8045 | D:6      | Found a bloodstained altar of Trog.
  8046 | D:6      | Noticed a wizard
  8051 | D:6      | Killed a wizard
  8572 | D:7      | Reached XP level 9. HP: 62/65 MP: 12/21
  9182 | D:7      | Found a shimmering altar of Xom.
 10583 | D:8      | Noticed Jeremiah
 10611 | D:8      | Killed Jeremiah
 10630 | D:8      | Reached skill level 5 in Fighting
 10631 | D:8      | Reached skill level 9 in Spellcasting
 10684 | D:8      | Noticed Pikel
 10688 | D:8      | Killed Pikel
 10689 | D:8      | Reached skill level 10 in Spellcasting
 10689 | D:8      | Reached XP level 10. HP: 74/74 MP: 10/24
 10726 | D:8      | Found a flagged portal.
 10729 | D:8      | Identified the +1 hand axe of the Mushroom {freeze, rF+ rN+
                  | Str-5 SInv}
 10923 | Bailey   | Entered a bailey
 11168 | Bailey   | Reached skill level 1 in Armour
 11266 | Bailey   | Reached skill level 1 in Dodging
 11281 | Bailey   | Reached skill level 1 in Throwing
 11434 | Bailey   | Noticed an orc warlord
 11715 | Bailey   | Slain by an orc warlord

Illustrated notes

Levels and vault maps discovered:
D:1:      amcnicky_arrival_feature_with_door, layout_basic, st_stairs_9,
          minmay_liquid_box
D:2:      layout_loops_cross, basic_altar, grunt_ministairs_6,
          uniq_crazy_yiuf_cottage, uniq_sigmund, uniq_robin
D:3:      layout_loops_ring, kennysheep_small_spiral, minmay_distorted
D:4:      layout_gridville, minmay_temple_entry_mini_moons, minmay_starry_boxes,
          uniq_pargi
D:5:      layout_loops_ring, minmay_misc_feat_rows
D:6:      layout_loops_ring, trog_wizard
D:7:      minmay_bubble_buster, layout_loops_ring, xom_confusion_cloud,
          nicolae_houndstooth_variations
D:8:      layout_basic, serial_rivers, chequers_serial_rivers_large_a,
          chequers_serial_rivers_marsh, chequers_serial_rivers_marsh,
          chequers_serial_rivers_marsh, chequers_serial_rivers_marsh,
          enter_bailey_2, uniq_jeremiah, uniq_pikel
Temple:   dpeg_five_rooms_temple
Bailey:   bailey_axe_minmay_hex_keep, bailey

Skill      XL: |  1  2  3  4  5  6  7  8  9 10 |
---------------+-------------------------------+-----
Stealth        | 1 2 |  2.8
Spellcasting   | 2 4 6 7 8 10 | 10.7
Fire Magic     | 3 4 5 7 9 |  9.0
Evocations     | 1 3 |  3.6
Fighting       | 4 5 |  5.5
Armour         | 1 |  1.0
Dodging        | 1 |  1.7
Throwing       | 1 |  1.6
Polearms       | |  2.4

Action                     |  1- 3 |  4- 6 |  7- 9 | 10-12 || total
---------------------------+-------+-------+-------+-------++-------
  Melee: Spear             |    52 |    11 |     8 |       ||    71
         Trident           |       |       |    26 |     1 ||    27
  Throw: Stone             |       |       |     2 |     4 ||     6
   Cast: Scorch            |    36 |    76 |   219 |    91 ||   422
 Invoke: Fiery Armour      |       |     2 |       |       ||     2
         Foxfire Swarm     |       |     1 |     2 |     2 ||     5
  Evoke: Wand              |       |       |     1 |    21 ||    22
         Sack of spiders   |       |       |       |     1 ||     1
    Use: Scroll            |     1 |     4 |     7 |     4 ||    16
 Armour: Robe              |    33 |    31 |   100 |    15 ||   179
  Dodge: Dodged            |    45 |    22 |   108 |     8 ||   183

Table legend: (Time is in decaauts)
 A = Elapsed time spent in this place.
 B = Non-inter-level travel time spent in this place.
 C = Inter-level travel time spent in this place.
 D = Time resting spent in this place.
 E = Time spent auto-exploring this place.
 F = Levels seen in this place.
 G = Mean time per level.
                   A        B        C        D        E       F      G
               +--------+--------+--------+--------+--------+-----+--------+
         Total |  11727 |  11307 |    420 |    654 |   8755 |  10 | 1172.7 |
       Dungeon |  10934 |  10514 |    420 |    444 |   8451 |   8 | 1366.8 |
        Temple |      1 |      1 |      0 |      0 |      0 |   1 |    1.0 |
        Bailey |    792 |    792 |      0 |    210 |    304 |   1 |  792.0 |
               +--------+--------+--------+--------+--------+-----+--------+

Top non-repeatable levels by time:
     D:4: 2210 daAuts
     D:7: 1971 daAuts
     D:2: 1430 daAuts
     D:3: 1360 daAuts
     D:6: 1303 daAuts
     D:1: 1259 daAuts
     D:5: 1048 daAuts
  Bailey: 792 daAuts
     D:8: 349 daAuts
  Temple: 1 daAuts
